Map: 16-Bit LE

Players

lIIllllIIlll (INnoVation) - Winner!

  • Race: Terran Terran
  • League: Master
  • Spawn Location: 1:00

soO

  • Race: Zerg Zerg
  • League: Master
  • Spawn Location: 7:00

Event: HomeStory Cup XVII

VOD

Have the link to the VOD?

Description

Time

  • Played on: July 1, 2018, 7:38 p.m.
  • Length: 23:18

All games in this series

Show
View Real Time Build Order
Export as new Build Order

lIIllllIIlll Terran - Winner!

Build Orders: Command Center First (CC), Hellion Opening, Mech 

Get SALT Encoding   

  12  0:00  SCV  
  13  0:13  SCV  
  14  0:17  Supply Depot  
  14  0:25  SCV  
  15  0:39  SCV  
  16  0:51  SCV  
  17  1:01  Command Center  
  17  1:04  SCV  
  17  1:11  Refinery  
  18  1:16  SCV  
  19  1:25  Barracks  
  19  1:28  SCV  
  20  1:40  SCV  
  20  1:41  Refinery  
  21  1:52  SCV  
  22  2:12  Orbital Command, Marine  
  22  2:14  Factory  
  23  2:15  Orbital Command  
  23  2:30  Barracks Reactor  
  23  2:38  SCV  
  23  2:41  SCV  
  25  2:50  SCV  
  26  2:53  SCV  
  26  2:57  Starport  
  26  2:58  Supply Depot  
  27  3:02  SCV  
  28  3:05  SCV  
  28  3:09  Hellion x2  
  33  3:14  SCV  
  33  3:16  Barracks Tech Lab  
  33  3:17  SCV  
  35  3:26  SCV  
  36  3:30  Supply Depot, SCV, Hellion x2  
  41  3:38  SCV  
  41  3:40  Medivac  
  41  3:41  Armory  
  44  3:42  SCV  
  44  3:48  Supply Depot  
  45  3:52  Hellion x2  
  49  3:56  SCV x2  
  51  4:03  Supply Depot  
  51  4:08  SCV x2  
  53  4:10  Raven  
  53  4:13  Hellion x2  
  59  4:20  SCV x2  
  61  4:26  Command Center  
  61  4:30  Terran Vehicle Weapons Level 1  
  61  4:33  SCV  
  61  4:34  Supply Depot, SCV  
  61  4:38  Hellion  
  65  4:40  Hellion  
  65  4:44  Refinery  
  65  4:45  Refinery  
  67  4:46  SCV x2  
  67  4:51  Supply Depot  
  69  5:02  SCV x2, Hellion x2  
  75  5:13  Barracks Tech Lab  
  69  5:15  SCV x2  
  69  5:16  Factory  
  69  5:18  Factory  
  67  5:21  Starport Reactor  
  67  5:23  Hellion x2  
  67  5:27  SCV x2  
  67  5:38  Orbital Command  
  67  5:39  SCV x2  
  67  5:48  Hellion  
  69  5:51  Refinery, SCV x2  
  69  5:52  Refinery  
  69  5:56  Armory, Barracks Reactor  
  71  6:03  SCV x2  
  73  6:04  Orbital Command  
  73  6:13  Thor x2  
  73  6:15  SCV x2  
  73  6:16  Hellion x2  
  91  6:21  Medivac  
  91  6:22  Medivac  
  95  6:27  SCV x2  
  95  6:32  Supply Depot, SCV  
  98  6:34  Supply Depot  
  98  6:38  Terran Vehicle Weapons Level 2  
  98  6:39  Supply Depot, SCV  
  99  6:45  Terran Vehicle And Ship Armor Level 1  
  99  6:47  SCV x2  
  99  6:53  SCV  
  99  6:54  Hellion x2  
  106  6:58  Supply Depot  
  106  7:00  Siege Tank x2  
  113  7:08  SCV x3  
  115  7:19  Viking  
  115  7:20  SCV x2, Viking  
  115  7:21  SCV  
  122  7:24  Factory  
  122  7:25  Factory  
  122  7:28  Supply Depot  
  122  7:29  Supply Depot  
  122  7:33  Siege Tank  
  122  7:34  Siege Tank  
  122  7:35  Hellion x2  
  122  7:37  SCV, Command Center  
  133  7:40  Supply Depot x2  
  133  7:43  SCV x2  
  131  7:49  Viking  
  131  7:50  Viking  
  135  7:52  Supply Depot  
  135  8:02  Infernal Pre-Igniter  
  135  8:04  Hellion x2  
  139  8:07  SCV x2  
  139  8:08  Supply Depot, SCV  
  142  8:16  Factory Tech Lab  
  142  8:17  Siege Tank x2  
  148  8:20  Engineering Bay  
  148  8:22  Refinery  
  148  8:24  Viking x2  
  148  8:26  Hellion x2  
  156  8:29  Refinery  
  156  8:33  SCV x2  
  156  8:34  SCV  
  159  8:40  Hellion x2  
  163  8:43  Supply Depot  
  161  8:53  Siege Tank  
  161  8:54  Hellion x2  
  172  8:59  Terran Vehicle And Ship Armor Level 2  
  172  9:01  Terran Vehicle Weapons Level 3  
  160  9:03  Siege Tank  
  160  9:04  Hellion x3  
  169  9:10  Planetary Fortress  
  169  9:16  Hellion  
  171  9:22  Hellion  
  173  9:24  Viking  
  173  9:25  Siege Tank x2, Hellion x2  
  173  9:28  Viking  
  187  9:37  Hellion  
  187  9:40  Siege Tank  
  187  9:43  Hellion  
  190  9:47  Hellion x2  
  190  9:51  Factory  
  192  9:53  Thor, Factory  
  192  9:57  Siege Tank  
  195  10:00  Liberator  
  195  10:01  Liberator  
  195  10:02  Siege Tank  
  194  10:12  Siege Tank  
  182  10:18  Sensor Tower  
  182  10:20  Hellion x4  
  185  10:27  Command Center  
  185  10:29  Command Center  
  185  10:37  Factory Tech Lab  
  185  10:38  Factory Reactor, Siege Tank x2  
  185  10:41  Hellion x2  
  195  10:46  Liberator x2  
  187  11:03  Siege Tank  
  187  11:05  Siege Tank, Hellbat  
  187  11:06  Hellbat x3  
  187  11:10  Missile Turret  
  196  11:24  Missile Turret  
  188  11:27  Siege Tank  
  188  11:28  Siege Tank, Hellbat, Hellion  
  186  11:41  Hellbat x2, Liberator x2, Hellion  
  189  11:53  Structure Armor  
  186  11:56  Orbital Command  
  186  12:01  Refinery  
  192  12:02  Refinery  
  192  12:04  Hellbat x3  
  192  12:05  Hellbat  
  192  12:06  Command Center  
  192  12:07  Terran Vehicle And Ship Armor Level 3, Terran Ship Weapons Level 1  
  200  12:15  Hellion x4  
  195  12:18  Siege Tank, Hellion x2  
  195  12:19  Siege Tank  
  196  12:24  Liberator x2  
  170  12:31  Siege Tank x2  
  170  12:32  Hellion x4  
  177  12:41  Orbital Command  
  177  12:42  Hellion x4  
  177  12:47  Hellion  
  174  12:53  Planetary Fortress  
  174  12:56  Siege Tank  
  174  12:57  Siege Tank  
  174  13:01  Hellion x2  
  174  13:03  Siege Tank x2  
  172  13:10  Liberator  
  172  13:13  Hellbat, Liberator  
  172  13:14  Hellbat, Hellion  
  172  13:15  Hellion  
  178  13:23  Hellion x2  
  176  13:29  Siege Tank x2  
  176  13:33  Hi-Sec Auto Tracking  
  186  13:35  Siege Tank x2, Hellion x2  
  186  13:36  Hellion  
  186  13:40  Hellion  
  192  13:44  Hellion x2  
  193  13:54  Orbital Command  
  178  13:55  Command Center  
  178  13:56  Hellion x2  
  178  13:57  Hellion  
  178  14:01  Siege Tank x2, Hellion  
  189  14:05  Hellion  
  189  14:06  Hellion  
  189  14:07  Siege Tank x2  
  199  14:13  Terran Ship Weapons Level 2  
  199  14:14  Liberator  
  199  14:22  Hellion x3  
  199  14:29  Smart Servos, Sensor Tower  
  190  14:41  Siege Tank  
  190  14:42  Siege Tank  
  196  15:00  Hellbat x2  
  200  15:11  Viking  
  176  15:14  Siege Tank x4, Viking  
  176  15:15  Hellion x2  
  176  15:16  Hellion x2  
  176  15:19  Starport  
  159  15:21  Starport  
  159  15:22  Hellion x2  
  159  15:27  Hellion x2  
  151  15:30  Barracks  
  151  15:35  Liberator x2  
  144  15:37  Hellion x2  
  144  15:38  Hellion x2  
  144  15:41  Planetary Fortress  
  146  15:43  Hellion x2  
  146  15:46  Siege Tank x3  
  146  15:47  Siege Tank  
  156  15:58  Refinery  
  156  15:59  Missile Turret, Hellion x2  
  156  16:00  Missile Turret  
  156  16:02  Refinery  
  157  16:05  Hellion x2  
  157  16:06  Hellion x2  
  157  16:08  Starport Reactor, Starport Tech Lab  
  157  16:10  Fusion Core  
  165  16:17  Sensor Tower  
  162  16:18  Siege Tank  
  162  16:21  Hellion x2  
  162  16:22  Hellion  
  162  16:24  Liberator x3  
  169  16:27  Hellion x2  
  169  16:28  Orbital Command  
  169  16:31  Command Center  
  171  16:44  Hellion x4  
  176  16:58  Liberator x2  
  176  17:00  Advanced Ballistics  
  174  17:01  Terran Ship Weapons Level 3  
  173  17:11  SCV x2  
  173  17:12  SCV  
  173  17:14  Liberator  
  174  17:17  Liberator  
  174  17:18  Thor x2  
  174  17:21  Thor  
  198  17:42  Drilling Claws  
  198  17:46  Liberator  
  189  17:54  Hellion x2  
  189  17:55  Hellion x4  
  197  18:03  Thor  
  198  18:11  Liberator x2  
  198  18:12  Liberator x2  
  179  18:29  Thor x2  
  179  18:31  Hellion x3  
  197  18:37  Liberator  
  197  18:47  Siege Tank  
  197  18:48  Siege Tank  
  169  18:49  Hellion x3  
  169  18:52  Hellion  
  169  18:54  Liberator  
  171  19:00  Rapid Fire Launchers  
  166  19:11  Hellion x5  
  166  19:12  Siege Tank  
  166  19:13  Siege Tank  
  166  19:16  Viking x2  
  189  19:19  Viking  
  189  19:20  Siege Tank  
  192  19:25  Siege Tank  
  192  19:45  Siege Tank  
  173  19:52  Siege Tank x2  
  170  19:53  Hellion x2  
  170  19:56  Liberator x3  
  170  19:57  Siege Tank, Hellion  
  170  19:58  Hellion  
  179  20:13  Hellion x2  
  189  20:14  Hellion  
  189  20:15  Hellion  
  189  20:16  Thor  
  175  20:37  Orbital Command  
  175  20:39  Thor  
  175  20:40  Thor x2  
  175  20:41  Hellion x6  
  189  20:52  Planetary Fortress  
  189  20:53  SCV  
  189  20:54  SCV x3  
  193  20:59  Viking  
  193  21:00  Viking  
  197  21:05  SCV  
  183  21:22  Siege Tank x2  
  183  21:25  Hellion x8  
  180  21:46  Hellion x7  
  180  21:47  Hellion  
  196  21:48  Refinery, Command Center  
  196  21:49  Refinery  
  190  22:01  Viking  
  190  22:02  Viking  
  190  22:07  Hellion  
  190  22:08  Hellion x7  
  185  22:12  Liberator  
  185  22:13  Liberator  
  169  22:17  Thor  
  169  22:18  Thor  
  179  22:29  Hellion x5  
  186  22:36  Hellion  
  186  22:37  Hellion x2  
  191  22:50  Hellion x2  
  174  22:55  Hellion x2  
  174  22:56  Hellion  
Show
View Real Time Build Order
Export as new Build Order

soO Zerg 

Build Orders: Hatch First, Swarm Host 

Get SALT Encoding   

  12  0:00  Drone  
  13  0:12  Overlord  
  13  0:17  Drone  
  14  0:31  Drone x2  
  14  0:34  Drone  
  17  0:53  Hatchery  
  17  0:55  Drone  
  17  1:09  Spawning Pool  
  16  1:12  Drone  
  16  1:16  Drone  
  19  1:18  Drone  
  19  1:30  Drone  
  20  1:42  Overlord  
  20  1:56  Queen  
  22  2:02  Zergling x4  
  22  2:05  Drone, Queen  
  27  2:11  Drone  
  28  2:16  Drone  
  29  2:23  Overlord  
  29  2:27  Drone  
  30  2:32  Queen  
  30  2:34  Drone  
  33  2:38  Drone  
  34  2:46  Queen  
  34  2:48  Drone x2  
  38  2:55  Hatchery, Drone  
  38  2:59  Drone  
  38  3:03  Drone  
  38  3:04  Extractor  
  39  3:05  Drone  
  39  3:06  Extractor, Drone  
  39  3:09  Drone  
  39  3:12  Drone  
  42  3:13  Drone  
  42  3:14  Drone  
  42  3:18  Overlord  
  44  3:23  Overlord  
  44  3:31  Overlord  
  44  3:38  Drone x3  
  44  3:40  Queen  
  49  3:47  Metabolic Boost  
  49  3:49  Drone x4  
  49  3:54  Drone  
  54  3:57  Drone x3  
  54  3:58  Drone  
  58  4:08  Zergling x4  
  60  4:12  Zergling x4  
  60  4:13  Drone  
  60  4:14  Drone  
  64  4:19  Drone x2  
  64  4:21  Overlord  
  64  4:22  Lair  
  66  4:30  Spore Crawler x2  
  64  4:33  Spore Crawler, Drone x4  
  64  4:35  Zergling x2  
  68  4:42  Drone x3  
  71  4:47  Spine Crawler, Queen  
  71  4:52  Zergling x6  
  75  5:00  Zergling x6  
  75  5:01  Zergling x2  
  75  5:05  Zergling x6  
  75  5:10  Zergling x2  
  75  5:12  Zergling x2  
  72  5:15  Drone x3  
  72  5:16  Drone  
  74  5:21  Drone x2  
  74  5:23  Drone x2  
  74  5:26  Drone  
  78  5:32  Drone x2  
  79  5:38  Evolution Chamber  
  79  5:39  Extractor, Evolution Chamber  
  79  5:41  Drone x2  
  79  5:42  Drone  
  79  5:43  Extractor  
  79  5:46  Extractor x2  
  79  5:48  Drone  
  79  5:49  Overseer, Drone  
  78  5:54  Drone  
  78  5:55  Hatchery  
  78  5:58  Overlord  
  78  6:01  Overlord  
  78  6:02  Overlord  
  78  6:05  Zerg Ground Armor Level 1  
  78  6:09  Drone x2  
  78  6:10  Drone  
  77  6:16  Hydralisk Den  
  77  6:17  Drone  
  77  6:18  Drone x3  
  80  6:19  Infestation Pit, Drone  
  80  6:20  Drone  
  80  6:21  Zerg Missile Weapons Level 1  
  83  6:25  Drone x2  
  83  6:30  Roach Warren  
  83  6:31  Drone  
  83  6:35  Zergling x8  
  83  6:36  Queen  
  83  6:38  Overlord  
  89  6:45  Hydralisk x6  
  101  6:52  Grooved Spines  
  101  7:07  Drone x7  
  108  7:08  Hydralisk x2  
  108  7:09  Hydralisk x3  
  108  7:13  Glial Reconstitution  
  118  7:24  Overlord x3  
  118  7:26  Overlord  
  118  7:29  Overlord  
  118  7:33  Overlord  
  118  7:39  Overlord  
  118  7:40  Drone  
  119  7:44  Overlord  
  119  7:55  Drone x2  
  119  7:56  Hydralisk x5  
  131  7:58  Overlord  
  131  8:04  Muscular Augments  
  131  8:05  Overlord  
  131  8:13  Baneling Nest  
  131  8:15  Hydralisk x2  
  131  8:16  Zergling x4  
  131  8:19  Overlord  
  136  8:21  Extractor, Drone  
  136  8:22  Zerg Missile Weapons Level 2, Zerg Melee Weapons Level 1  
  136  8:23  Drone  
  137  8:31  Swarm Host x11  
  170  8:39  Swarm Host x2  
  170  8:59  Drone x6  
  170  9:00  Swarm Host x2  
  170  9:01  Swarm Host  
  170  9:02  Overlord  
  185  9:03  Centrifical Hooks  
  185  9:13  Spine Crawler  
  185  9:14  Drone x2  
  186  9:26  Baneling  
  186  9:27  Baneling x7  
  185  9:36  Drone  
  185  9:37  Hatchery  
  184  9:40  Spine Crawler  
  184  9:44  Hydralisk x3  
  184  9:45  Zergling x10  
  190  9:46  Zergling x8  
  191  10:04  Hive  
  177  10:19  Zergling x14  
  177  10:20  Zergling x4  
  186  10:22  Drone x5  
  191  10:31  Baneling  
  191  10:32  Baneling x6  
  190  10:45  Baneling x11  
  182  10:54  Burrow  
  181  11:06  Zergling x2  
  181  11:07  Zergling x24  
  194  11:13  Zerg Ground Armor Level 2, Zerg Melee Weapons Level 2  
  186  11:18  Swarm Host  
  186  11:19  Swarm Host  
  186  11:25  Spine Crawler  
  188  11:26  Spine Crawler x2  
  188  11:31  Drone  
  188  11:32  Drone  
  185  11:33  Drone x4  
  185  11:34  Drone x2  
  185  11:35  Drone x3  
  185  11:37  Viper x2  
  185  11:38  Adrenal Glands  
  199  12:04  Spire  
  198  12:08  Baneling  
  198  12:09  Baneling x23  
  198  12:10  Baneling x5  
  163  12:32  Hydralisk x7  
  168  12:43  Drone x8  
  168  12:44  Overlord x2  
  154  13:07  Drone x6  
  154  13:11  Drone x4  
  154  13:12  Hydralisk x2  
  164  13:13  Zergling x2, Hydralisk  
  164  13:16  Hydralisk x2  
  164  13:19  Hydralisk  
  174  13:24  Hydralisk  
  171  13:29  Zerg Missile Weapons Level 3  
  161  13:35  Corruptor x6  
  162  13:44  Drone x3  
  162  13:45  Drone x3  
  166  13:49  Drone x3  
  169  13:58  Zergling x6  
  169  13:59  Zergling x2  
  173  14:05  Drone x3  
  176  14:15  Zergling x12  
  180  14:25  Baneling x7  
  180  14:31  Drone x5  
  180  14:35  Zergling x2  
  180  14:36  Zergling x10  
  184  14:42  Drone  
  184  14:44  Baneling x5  
  185  14:50  Zergling x2  
  185  14:51  Zergling x8  
  190  14:54  Baneling x11  
  190  14:56  Zerg Melee Weapons Level 3  
  189  15:12  Unknown  
  159  15:17  Zergling x8  
  159  15:18  Zergling x20  
  122  15:29  Hydralisk x3  
  122  15:30  Hydralisk x3  
  129  15:37  Drone x3  
  129  15:39  Swarm Host x2  
  133  15:46  Hydralisk x3  
  136  15:52  Swarm Host x3  
  144  16:00  Hydralisk x3  
  146  16:05  Drone x3  
  146  16:07  Baneling x2  
  146  16:09  Viper  
  152  16:17  Drone x6  
  155  16:19  Baneling x3  
  152  16:26  Swarm Host  
  152  16:27  Swarm Host x2  
  152  16:29  Zergling x8  
  165  16:36  Queen x2  
  165  16:38  Drone x2  
  167  16:47  Drone x3  
  162  16:55  Drone x4  
  162  16:56  Drone x3  
  165  17:02  Swarm Host  
  167  17:15  Drone x2  
  169  17:16  Drone x2  
  169  17:18  Hydralisk x7  
  182  17:26  Zerg Ground Armor Level 3  
  182  17:35  Zergling x22  
  182  17:36  Zergling x2  
  186  17:53  Drone x4  
  190  18:05  Baneling  
  188  18:07  Baneling x11  
  188  18:11  Drone x2  
  189  18:16  Baneling x8  
  189  18:17  Zergling x20  
  182  18:41  Zergling x22  
  181  18:47  Hatchery  
  165  18:56  Hydralisk x3  
  165  18:57  Zergling x6  
  169  19:21  Baneling  
  169  19:22  Baneling x11  
  169  19:26  Hydralisk x3  
  169  19:27  Zergling x18  
  184  19:34  Extractor  
  183  19:44  Hydralisk x5  
  183  19:45  Zergling x6, Hydralisk  
  190  19:46  Zergling x4  
  190  19:52  Baneling x13  
  188  19:58  Corruptor x2  
  188  19:59  Corruptor x2  
  187  20:11  Corruptor x4  
  195  20:18  Corruptor x2  
  177  20:42  Hydralisk x4  
  165  20:43  Hydralisk  
  165  20:45  Drone x3  
  165  20:48  Drone x3  
  181  20:54  Hydralisk x3  
  181  20:55  Zergling x6  
  190  21:00  Spine Crawler  
  189  21:06  Baneling  
  189  21:08  Zergling x10  
  193  21:14  Unknown  
  193  21:15  Unknown  
  183  21:22  Hydralisk x2  
  183  21:23  Zergling x10  
  168  21:38  Hydralisk x2  
  154  22:10  Drone x3  
  154  22:14  Drone  
  154  22:15  Drone x8  
  137  22:32  Drone x2  
  112  22:55  Zergling x4  
  112  22:56  Zergling x6  
Tags
 
Add a new tag
Caveats
  • Supply blocks, unpowered buildings, or Contaminate may cause inaccurate times.
  • Supply counts are checked every 10 seconds.